AoeStats
← no one

Arena

507100470Analyzed
1v1 RM · 17d ago on Sep 16, 2026· 55m 1s· 2 players
Game mode
Random Map
Map size
Tiny (2 player)
Population
200
Speed
Normal
Resources
Standard
Victory
Conquest
Starting age
Dark Age
Ending age
Imperial Age
RankedLock teamsTeams togetherTeam positionsShared explorationLock speedFull tech treeHidden civsTurbo modeCheats
Victory
Defeat
🇦🇷 Cumans · Argentina
1638
+15
🇫🇷 Burmese · France
1625
-15
Ode
10:12 Feudal Age
13:44 Castle Age
13:37 Horse Collar
14:23 Loom
18:27 Sanctity
20:06 Town Watch
20:57 Pikeman
22:11 Redemption
25:13 Scale Mail Armor
27:41 Heavy Plow
28:26 Fervor
30:32 Ballistics
35:06 Imperial Age
34:03 Squires
34:19 Chain Mail Armor
35:13 Masonry
36:05 Wheelbarrow
37:41 Architecture
37:33 Conscription
39:01 Chemistry
39:59 Heavy Scorpion
43:49 Siege Engineers
44:57 Hand Cart
45:35 Fortified Wall
47:13 Block Printing
47:14 Elite Skirmisher
47:36 Light Cavalry
48:26 Bloodlines
48:17 Husbandry
48:59 Scale Barding Armor
49:20 Padded Archer Armor
49:10 Fletching
51:16 Bodkin Arrow
51:57 Bracer
54:29 Chain Barding Armor
54:20 Forging
55:56 Plate Barding Armor
no one
8:55 Feudal Age
9:26 Double-Bit Axe
10:17 Horse Collar
20:05 Castle Age
18:04 Loom
18:42 Scale Mail Armor
19:39 Fletching
21:38 Wheelbarrow
21:15 Gold Mining
22:47 Bodkin Arrow
24:15 Padded Archer Armor
27:12 Ballistics
31:40 Imperial Age
29:01 Town Watch
30:29 Bow Saw
31:39 Bloodlines
33:31 Chemistry
33:16 Conscription
34:25 Hand Cart
37:00 Masonry
39:29 Elite Kipchak
43:31 Onager
52:25 Town Patrol
52:55 Leather Archer Armor
Connection lost

Rejoining the realm…

Still unreachable

The connection could not be restored.

Session expired

The server has moved on; the page needs a fresh start.